 Dungeon Crawl Stone Soup version 0.22-a0-845-g8bfc27d406 (webtiles) character file.

94 Htamos the Cudgeler (level 4, 0/37 HPs)
             Began as a Formicid Monk on July 26, 2018.
             Succumbed to a scorpion's poison
             ... on level 2 of the Dungeon.
             The game lasted 00:06:34 (2159 turns).

Htamos the Cudgeler (Formicid Monk)                 Turns: 2159, Time: 00:06:34

Health: 0/37       AC:  1    Str: 22    XL:     4   Next: 94%
Magic:  4/4        EV: 13    Int:  9    God:
Gold:   94         SH:  4    Dex: 13    Spells: 3/3 levels left

rFire    . . .     SeeInvis +   v - +2 short sword (elec)
rCold    . . .     Gourm    .   g - +0 buckler
rNeg     . . .     Faith    .   x - -1 robe (curse)
rPois    .         Spirit   .   (helmet unavailable)
rElec    .         Reflect  .   (no cloak)
rCorr    .         Harm     .   (no gloves)
MR       .....                  (no boots)
Stlth    ++........             (no amulet)
HPRegen  0.12/turn              (no ring)
MPRegen  0.09/turn              (no ring)

@: mighty, lethally poisoned (0 -> -18)
A: permanent stasis, dig shafts and tunnels, four strong arms, antennae 3,
blurry vision 1, evolution 1, subdued magic 1
a: Dig, Shaft Self


You were on level 2 of the Dungeon.
You were not hungry.

You visited 1 branch of the dungeon, and saw 3 of its levels.

You collected 94 gold pieces.

Inventory:

Hand Weapons
 a - a +0 mace
 k - a +2 dagger of venom
 v - a +2 short sword of electrocution (weapon)
Missiles
 h - 5 javelins (quivered)
Armour
 b - a +0 robe
 g - a +0 buckler (worn)
 l - a +0 leather armour
 t - a +0 robe
 x - a cursed -1 robe (worn)
Jewellery
 d - an uncursed amulet of the acrobat {unknown}
 f - an uncursed ring of ice {unknown}
 p - a +4 ring of dexterity {unknown}
Potions
 e - a potion of resistance
 j - 2 potions of brilliance
 m - a potion of lignification
Comestibles
 c - 8 rations
 i - a chunk of flesh


   Skills:
 + Level 3.6 Fighting
 * Level 3.8 Maces & Flails
 + Level 1.1 Armour
 + Level 3.0 Dodging
 + Level 3.4 Stealth
 + Level 1.4 Shields


You had 3 spell levels left.
You didn't know any spells.
Your spell library was empty.

Dungeon Overview and Level Annotations

Branches:
Dungeon (3/15)

Altars:
Hepliaklqana


Innate Abilities, Weirdness & Mutations

You cannot be hasted, slowed, berserked, paralysed or teleported.
You can dig through walls and to a lower floor.
Your four strong arms can wield two-handed weapons with a shield.
You have a pair of large antennae on your head. (SInv)
Scrolls take you a little longer to read.
You evolve.
Your spells are a little easier to cast, but a little less powerful.


Message History

Your stasis prevents you from being hasted.
* * * LOW HITPOINT WARNING * * *
You feel sick. The scorpion stings you.
* * * LOW HITPOINT WARNING * * *
Unknown command.
It was a potion of might.
You feel very mighty all of a sudden.
* * * LOW HITPOINT WARNING * * *
You feel sick. The scorpion stings you.
* * * LOW HITPOINT WARNING * * *
You are more poisoned.
The scorpion poisons you!
It was a potion of mutation.
You feel extremely strange.
Your vision blurs.
Your connection to magic feels subdued.
You feel nature experimenting on you.
Don't worry, failures die fast.
* * * LOW HITPOINT WARNING * * *
You feel sick. The scorpion closely misses you.
Unknown command.
You barely miss the scorpion.
You die...

..#.####.##)####.#....#.#####....
..#.####.........####.#.# #.###
..#...######.###.####.#.# #.#
..#...'...............#.# #.#
#.#...######.###.######.# #.#
#.#...# #.###........# #.###
#.#...# #..##.###....# #....
#.#...### ##.##.# #....# #####
#.'.....# ##..#@# #....#
###...#.# #..{#s# #....#
#######'####...oo###....#
..........##.......#..|.#
...(......##....>..#....#
..........##.......#....#
..........##.......#....#
..........##.......######
..........##.......#


You could see a scorpion and 2 orcs.

Vanquished Creatures
  A hound (D:2)
  An adder (D:2)
  2 worms (D:2)
  3 dart slugs
  2 ball pythons
  5 bats
  3 giant cockroaches (D:2)
  2 goblins
  7 hobgoblins
  4 jackals (D:1)
  4 kobolds
  A frilled lizard (D:2)
  4 rats
39 creatures vanquished.

Notes
Turn   | Place    | Note
-------+----------+-------------------------------------------
     0 | D:1      | Htamos the Formicid Monk began the quest for the Orb.
     0 | D:1      | Reached XP level 1. HP: 18/18 MP: 1/1
   232 | D:1      | Reached XP level 2. HP: 22/24 MP: 2/2
   587 | D:1      | Reached XP level 3. HP: 24/29 MP: 3/3
   931 | D:1      | Reached skill level 1 in Shields
  1411 | D:2      | Reached XP level 4. HP: 35/35 MP: 4/4
  1429 | D:2      | Found a hazy altar of Hepliaklqana.
  2102 | D:2      | Reached skill level 1 in Armour
  2158 | D:2      | Gained mutation: Scrolls take you a little longer to read. [potion of mutation]
  2158 | D:2      | Gained mutation: Your spells are a little easier to cast, but a little less powerful. [potion of mutation]
  2158 | D:2      | Gained mutation: You evolve. [potion of mutation]
  2159 | D:2      | Succumbed to a scorpion's poison

Vault maps used:
D:1:      dpeg_arrival_rooms_with_view
D:2:      nicolae_overflow_hidden_temple
D:3:      gammafunk_ghost_stat_death, grunt_ministairs_13,
          nicolae_underground_beach

Skill      XL: |  1  2  3  4 |
---------------+-------------+-----
Shields        | 1 |  1.4
Stealth        | 3 |  3.4
Dodging        | 3 |  3.0
Armour         | 1 |  1.1
Fighting       | |  3.6
Maces & Flails | |  3.8

Action                   |  1- 3 |  4- 6 || total
-------------------------+-------+-------++-------
Melee: Mace              |    16 |       ||    16
       Dagger            |    75 |    23 ||    98
       Short sword       |       |     6 ||     6
Throw: Javelin           |     6 |       ||     6
 Abil: Dig               |     2 |     1 ||     3
  Use: Scroll            |       |     7 ||     7
       Potion            |       |     3 ||     3
 Stab: Sleeping          |     5 |       ||     5
  Eat: Chunk             |     2 |     2 ||     4
Armor: Robe              |    10 |     5 ||    15
       Leather armour    |     6 |       ||     6
Dodge: Dodged            |    28 |    29 ||    57
Block: Buckler           |    12 |     9 ||    21

Table legend:
 A = Spawn XP
 B = Non-spawn XP
 C = Spawn XP percentage of total XP
 D = Spawn monster count
 E = Non-spawn monster count
 F = Spawn count percentage of total count
 G = Total turns spent on level
                    A         B        C        D         E        F      G
               +---------+---------+-------+---------+---------+-------+---------
         Total |       0 |     135 |   0.0 |       0 |      39 |   0.0 |  2159
               +---------+---------+-------+---------+---------+-------+---------
           D:1 |       0 |      41 |   0.0 |       0 |      21 |   0.0 |   955
           D:2 |       0 |      94 |   0.0 |       0 |      18 |   0.0 |  1198
               +---------+---------+-------+---------+---------+-------+---------
